 Dungeon Crawl Stone Soup version 0.30.0-10-gfe55d96785 (webtiles) character file.

Game seed: 6165093489992160395

6482 qw the Cleaver (level 11, -7/71 HPs)
             Began as a Gargoyle Cinder Acolyte on May 16, 2023.
             Was a Follower of Ignis.
             Killed from afar by an oklob plant (24 damage)
             ... with a splash of acid
             ... on level 1 of the Lair of Beasts.
             The game lasted 00:04:34 (8093 turns).

qw the Cleaver (Gargoyle Cinder Acolyte)            Turns: 8093, Time: 00:04:34

Health: -7/71      AC:  7    Str: 21    XL:     11   Next: 0%
Magic:  12/12      EV:  6    Int: 16    God:    Ignis [*.....]
Gold:   588        SH:  0    Dex:  5    Spells: 12/12 levels left

rFire   + . .        d - +1 hand axe (spect)
rCold   . . .        a - orb of Xom's Castigation {*channel, Fly}
rNeg    + . .        l - +0 plate armour
rPois   inf          (no helmet)
rElec   +            c - +2 cloak
rCorr   .            (no gloves)
SInv    .            (no boots)
Will    .....        b - amulet of regeneration Stlth
                     (no ring)
HPRegen 1.11/turn    (no ring)
MPRegen 0.13/turn

%: channel magic (20%)
@: corroded, fiery-armoured, flying
A: sickness immunity, AC +8, negative energy resistance 1, electricity
resistance, torment resistance 1, petrification resistance
a: Renounce Religion, Fiery Armour, Foxfire Swarm, Rising Flame


You were on level 1 of the Lair of Beasts.
You worshipped Ignis.
Ignis was aware of your devotion.
You visited 2 branches of the dungeon, and saw 10 of its levels.

You collected 588 gold pieces.


Innate Abilities, Weirdness & Mutations

You are immune to sickness and miasma.
Your stone body is resilient. (AC +8)
You are immune to poison.
You resist negative energy. (rN+)
You are resistant to electric shocks. (rElec)
You are resistant to unholy torment.
You are immune to petrification.


   Skills:
 - Level 9.1 Fighting
 - Level 11.3 Axes
 - Level 3.0 Throwing
 + Level 6.8 Armour
 - Level 1.0 Dodging
 - Level 3.0 Shields
 - Level 1.0 Spellcasting
 - Level 3.0 Fire Magic


You had 12 spell levels left.
You didn't know any spells.
Your spell library contained the following spells:

 Spells                   Type           Power      Damage    Failure   Level
 Scorch                   Fire           20%        2d6       97%         2

Inventory:

Hand Weapons
 d - a +1 spectral hand axe (weapon)
 j - a +0 hand axe of flaming
Armour
 a - the orb of Xom's Castigation (worn) {*channel, Fly}
   (You found it on level 4 of the Dungeon)

   Fly:       It grants you flight.
 c - a +2 cloak (worn)
 l - a +0 plate armour (worn)
Jewellery
 b - an amulet of regeneration (around neck)
Scrolls
 g - a scroll of identify
Potions
 e - 2 potions of curing
 h - 3 potions of might
 i - a potion of cancellation {unknown}
 k - a potion of haste
 m - a potion of resistance

Dungeon Overview and Level Annotations

Branches:
Dungeon (9/15)             Temple (0/1) D:5            Lair (1/5) D:9
    Orc (0/2) D:9

Altars:
Ashenzari
Elyvilon
Kikubaaqudgha
Nemelex Xobeh
Qazlal

Portals:
Bailey: D:8


Message History

Your +1 spectral hand axe hits the oklob plant but does no damage.
Press < or > to pray at altars.
Press < or > to pray at altars.
Press < or > to pray at altars.
Press < or > to pray at altars.
You hit the oklob plant.
The oklob plant is moderately damaged.
Your +1 spectral hand axe hits the oklob plant but does no damage.
Press < or > to pray at altars.
Press < or > to pray at altars.
Press < or > to pray at altars.
Press < or > to pray at altars.
You hit the oklob plant but do no damage.
The oklob plant is moderately damaged.
Your +1 spectral hand axe hits the oklob plant but does no damage.
Press < or > to pray at altars.
Press < or > to pray at altars.
Press < or > to pray at altars.
Press < or > to pray at altars.
You hit the oklob plant but do no damage.
The oklob plant is moderately damaged.
Your +1 spectral hand axe hits the oklob plant but does no damage.
Press < or > to pray at altars.
Press < or > to pray at altars.
Press < or > to pray at altars.
Press < or > to pray at altars.
You hit the oklob plant but do no damage.
The oklob plant is moderately damaged.
Your +1 spectral hand axe hits the oklob plant but does no damage.
The oklob plant spits acid at you. The splash of acid misses you.
Press < or > to pray at altars.
Press < or > to pray at altars.
Press < or > to pray at altars.
Press < or > to pray at altars.
You hit the oklob plant but do no damage.
The oklob plant is moderately damaged.
Your +1 spectral hand axe hits the oklob plant but does no damage.
The oklob plant spits acid at you. The splash of acid hits you!!
You die...

## ####.#### ### .....#
.##..# #.#.###...#####
#......@P......
###...###.(.###..
#.#.#.....###..#
.................# ##
####.#..#P##.##..## .
####.#[.### # #..# #.
##.##.#....######..#
#.##........#.........#
#.........#..(.........


You could see an oklob plant and a friendly +1 spectral hand axe.

Vanquished Creatures
  A two-headed ogre (D:9)
  Pikel (D:6)
  A cane toad (Lair:1)
  An efreet (D:8)
  Prince Ribbit (D:6)
  A hornet (D:7)
  Eustachio (D:6)
  2 steam dragons
  5 water moccasins
  A black bear (D:7)
  3 orc warriors
  2 ice beasts (D:7)
  2 ogres (D:5)
  6 centaurs
  A phantom (D:7)
  4 bullfrogs
  A gnoll sergeant (D:9)
  3 scorpions
  11 wights
  3 killer bees (D:9)
  5 orc priests
  2 gnoll boudas
  5 hounds
  A jelly (D:4)
  An iguana (D:5)
  A sleepcap (D:5)
  10 orc wizards
  Terence (D:3)
  20 gnolls
  An adder (D:3)
  A shadow imp (D:6)
  A white imp (D:7)
  A worm (D:2)
  3 dart slugs
  52 orcs
  3 ball pythons (D:1)
  6 endoplasms
  2 giant cockroaches
  8 goblins
  3 hobgoblins
  5 jackals
  A quokka (D:1)
  4 bats
  3 frilled lizards
  2 kobolds
  4 rats
197 creatures vanquished.

Notes
Turn   | Place    | Note
-------+----------+-------------------------------------------
     0 | D:1      | qw the Gargoyle Cinder Acolyte began the quest for the Orb.
     0 | D:1      | Reached XP level 1. HP: 14/14 MP: 2/2
     0 | D:1      | 0 ||| qw: Version: 0.2-a-94-gb5d2a68
     0 | D:1      | 0 ||| qw: Game counter: 61
     0 | D:1      | 0 ||| qw: Always use a shield: true
     0 | D:1      | 0 ||| qw: God list: Okawaru
     0 | D:1      | 0 ||| qw: Allow faded altars: false
     0 | D:1      | 0 ||| qw: Do Orc after D:15 true
     0 | D:1      | 0 ||| qw: Do second Lair branch before Depths: true
     0 | D:1      | 0 ||| qw: Lair rune preference: random
     0 | D:1      | 0 ||| qw: Plans: Normal
     0 | D:1      | 0 ||| PLANNING D:1-11
    93 | D:1      | Reached skill level 3 in Axes
   128 | D:1      | Noticed a shining eye
   138 | D:1      | Reached XP level 2. HP: 17/19 MP: 3/3
   148 | D:1      | Found a faded altar of an unknown god.
   162 | D:1      | Noticed a floating eye
   162 | D:1      | Noticed a great orb of eyes
   162 | D:1      | Noticed a great orb of eyes
   169 | D:1      | You fall into a shaft and drop 1 floor!
   170 | D:2      | 170 ||| READING scroll labelled MUETWU OCEDYLL.
   171 | D:2      | 171 ||| READING scroll labelled RUOSIPH PEORO.
   172 | D:2      | 172 ||| READING scroll labelled JASINO KINEGO.
   462 | D:1      | 462 ||| Stepping ~*~*~tactically~*~*~ (stealth).
   582 | D:1      | 582 ||| Stepping ~*~*~tactically~*~*~ (stealth).
   593 | D:1      | Reached XP level 3. HP: 21/23 MP: 4/4
   855 | D:1      | 855 ||| READING scroll labelled DUWNAFR BICVO.
   856 | D:1      | 856 ||| READING 2 scrolls labelled XUIS VOENAGAQ.
   857 | D:1      | 857 ||| READING scroll labelled UTEWI QOS ADA.
   858 | D:1      | 858 ||| READING scroll labelled JYCEEDDULYNT.
   859 | D:1      | 859 ||| READING scroll labelled QUALONK ZION.
   860 | D:1      | 860 ||| DRINKING 2 puce potions.
   943 | D:2      | 943 ||| READING scroll of enchant weapon.
   943 | D:2      | 943 ||| ENCHANTING -1 spectral hand axe.
  1032 | D:2      | 1032 ||| Stepping ~*~*~tactically~*~*~ (stealth).
  1035 | D:2      | 1035 ||| Stepping ~*~*~tactically~*~*~ (hiding).
  1160 | D:2      | 1160 ||| DROPPING +0 club.
  1198 | D:2      | 1198 ||| INVOKING Fiery Armour.
  1288 | D:2      | Reached skill level 4 in Axes
  1426 | D:2      | 1426 ||| UPGRADING to +0 leather armour.
  1436 | D:2      | 1436 ||| DROPPING +0 robe.
  1437 | D:2      | 1437 ||| READING 3 scrolls labelled TUKLIO CUOHE.
  1442 | D:2      | 1442 ||| READING 2 scrolls of teleportation.
  1445 | D:2      | 1445 ||| READING scroll of teleportation.
  1448 | D:2      | 1448 ||| READING 3 scrolls of identify.
  1448 | D:2      | 1448 ||| IDENTIFYING coppery potion
  1449 | D:2      | 1449 ||| READING 2 scrolls of identify.
  1449 | D:2      | 1449 ||| IDENTIFYING white potion
  1450 | D:2      | 1450 ||| DROPPING potion of lignification.
  1588 | D:3      | 1588 ||| Stepping ~*~*~tactically~*~*~ (hiding).
  1694 | D:3      | Reached XP level 4. HP: 28/28 MP: 5/5
  1740 | D:3      | Noticed Terence
  1756 | D:3      | 1756 ||| INVOKING Fiery Armour.
  1759 | D:3      | Killed Terence
  2008 | D:3      | 2008 ||| DROPPING +0 flail.
  2279 | D:3      | 2279 ||| UPGRADING to +0 ring mail.
  2289 | D:3      | 2289 ||| DROPPING +0 leather armour.
  2290 | D:3      | 2290 ||| DRINKING 3 bubbling orange potions.
  2291 | D:3      | 2291 ||| READING 5 scrolls of identify.
  2291 | D:3      | 2291 ||| IDENTIFYING glowing white potion
  2292 | D:3      | 2292 ||| DROPPING 2 potions of degeneration.
  2293 | D:3      | 2293 ||| DROPPING potion of magic.
  2326 | D:4      | Noticed a scorpion
  2330 | D:4      | 2330 ||| STAIRDANCE
  2337 | D:3      | 2337 ||| INVOKING Fiery Armour.
  2346 | D:3      | HP: 7/28 [scorpion (6)]
  2347 | D:3      | 2347 ||| DRINKING potion of heal wounds.
  2347 | D:3      | Killed a scorpion
  2348 | D:3      | Reached XP level 5. HP: 31/32 MP: 6/6
  2380 | D:4      | Identified the orb of Xom's Castigation {*channel, Fly}
  2428 | D:4      | 2428 ||| Stepping ~*~*~tactically~*~*~ (hiding).
  2753 | D:4      | 2753 ||| UPGRADING to orb of Xom's Castigation {*channel,
                  | Fly}.
  2758 | D:4      | 2758 ||| DROPPING scarf of shadows.
  2759 | D:4      | 2759 ||| UPGRADING to +0 chain mail.
  2769 | D:4      | 2769 ||| DROPPING +0 ring mail.
  2770 | D:4      | 2770 ||| READING 5 scrolls of identify.
  2770 | D:4      | 2770 ||| IDENTIFYING viscous white potion
  2771 | D:4      | 2771 ||| READING 4 scrolls of identify.
  2771 | D:4      | 2771 ||| IDENTIFYING fizzy brown potion
  2772 | D:4      | 2772 ||| DROPPING potion of attraction.
  2788 | D:5      | Entered Level 5 of the Dungeon
  2789 | D:5      | 2789 ||| INVOKING Fiery Armour.
  2791 | D:5      | 2791 ||| STAIRDANCE
  2794 | D:4      | Reached skill level 1 in Shields
  2855 | D:5      | Reached skill level 5 in Axes
  2893 | D:5      | Noticed an ogre
  2900 | D:5      | Killed an ogre
  2901 | D:5      | Reached XP level 6. HP: 39/39 MP: 7/7
  2905 | D:5      | Found a staircase to the Ecumenical Temple.
  2918 | D:5      | 2918 ||| Stepping ~*~*~tactically~*~*~ (stealth).
  2919 | D:5      | 2919 ||| Stepping ~*~*~tactically~*~*~ (stealth).
  3041 | D:5      | 3041 ||| Stepping ~*~*~tactically~*~*~ (hiding).
  3047 | D:5      | 3047 ||| INVOKING Fiery Armour.
  3048 | D:5      | 3048 ||| DRINKING 2 potions of curing.
  3048 | D:5      | 3048 ||| (to cure confusion)
  3055 | D:5      | Reached XP level 7. HP: 20/44 MP: 8/8
  3190 | D:5      | 3190 ||| Stepping ~*~*~tactically~*~*~ (stealth).
  3192 | D:5      | 3192 ||| Stepping ~*~*~tactically~*~*~ (hiding).
  3193 | D:5      | 3193 ||| Stepping ~*~*~tactically~*~*~ (hiding).
  3283 | D:5      | Reached skill level 6 in Axes
  3424 | D:5      | 3424 ||| Stepping ~*~*~tactically~*~*~ (stealth).
  3572 | D:5      | Reached skill level 7 in Axes
  3650 | D:5      | 3650 ||| INVOKING Fiery Armour.
  3909 | D:5      | 3909 ||| UPGRADING to amulet of regeneration.
  3914 | D:5      | 3914 ||| READING 2 scrolls labelled XUBIUPSANN.
  3915 | D:5      | 3915 ||| DROPPING scroll of poison.
  3975 | D:6      | Reached skill level 3 in Armour
  3975 | D:6      | Reached XP level 8. HP: 47/49 MP: 9/9
  4002 | D:6      | Found an ancient bone altar of Kikubaaqudgha.
  4003 | D:6      | Found a stormy altar of Qazlal.
  4003 | D:6      | Found a white marble altar of Elyvilon.
  4061 | D:6      | Reached skill level 1 in Throwing
  4226 | D:6      | 4226 ||| READING scroll of enchant weapon.
  4226 | D:6      | 4226 ||| ENCHANTING +0 spectral hand axe.
  4245 | D:6      | Noticed Pikel
  4245 | D:6      | 4245 ||| Stepping ~*~*~tactically~*~*~ (stealth).
  4247 | D:6      | 4247 ||| Stepping ~*~*~tactically~*~*~ (stealth).
  4284 | D:6      | 4284 ||| INVOKING Fiery Armour.
  4285 | D:6      | Killed Pikel
  4286 | D:6      | Reached skill level 8 in Axes
  4391 | D:6      | Noticed Prince Ribbit
  4396 | D:6      | Killed Prince Ribbit
  4397 | D:6      | Reached skill level 6 in Fighting
  4397 | D:6      | Reached XP level 9. HP: 52/56 MP: 10/10
  4414 | D:6      | Found a broken altar of Ashenzari.
  4513 | D:6      | 4513 ||| Stepping ~*~*~tactically~*~*~ (stealth).
  4775 | D:6      | Noticed Eustachio
  4800 | D:6      | Killed Eustachio
  4951 | D:6      | 4951 ||| UPGRADING to +0 cloak.
  4956 | D:6      | 4956 ||| READING scroll labelled BAZUGE IVVI.
  4992 | D:7      | 4992 ||| PLANNING OSSUARY
  5060 | D:7      | Reached skill level 9 in Axes
  5166 | D:7      | 5166 ||| Stepping ~*~*~tactically~*~*~ (stealth).
  5167 | D:7      | 5167 ||| Stepping ~*~*~tactically~*~*~ (stealth).
  5253 | D:7      | Noticed a hornet
  5267 | D:7      | Killed a hornet
  5284 | D:7      | 5284 ||| Stepping ~*~*~tactically~*~*~ (stealth).
  5334 | D:7      | Found a sand-covered staircase.
  5395 | D:7      | Reached skill level 10 in Axes
  5407 | D:7      | Reached skill level 1 in Dodging
  5483 | D:7      | 5483 ||| DROPPING +0 hand axe of freezing.
  5741 | D:7      | 5741 ||| RIP OSSUARY
  5756 | D:7      | 5756 ||| PLANNING D:1-11
  5850 | D:7      | 5850 ||| INVOKING Fiery Armour.
  5901 | D:7      | Reached XP level 10. HP: 40/63 MP: 11/11
  6013 | D:7      | 6013 ||| READING 3 scrolls of identify.
  6013 | D:7      | 6013 ||| IDENTIFYING fuming brown potion
  6085 | D:7      | 6085 ||| Stepping ~*~*~tactically~*~*~ (stealth).
  6091 | D:7      | 6091 ||| Stepping ~*~*~tactically~*~*~ (stealth).
  6094 | D:7      | 6094 ||| Stepping ~*~*~tactically~*~*~ (stealth).
  6163 | D:8      | 6163 ||| INVOKING Fiery Armour.
  6164 | D:8      | HP: 13/64 [centaur/arrow (10)]
  6165 | D:8      | 6165 ||| DRINKING potion of heal wounds.
  6175 | D:8      | HP: 15/64 [centaur/arrow (6)]
  6311 | D:8      | Reached skill level 3 in Throwing
  6392 | D:8      | Found a flagged portal.
  6610 | D:8      | 6610 ||| UPGRADING to +2 cloak.
  6622 | D:8      | 6622 ||| INVOKING Fiery Armour.
  6622 | D:8      | HP: 14/64 [efreet/bolt of fire (10)]
  6627 | D:8      | HP: 6/64 [efreet/bolt of fire (3)]
  6684 | D:8      | 6684 ||| UPGRADING to +2 cloak.
  6694 | D:8      | 6694 ||| DROPPING +0 cloak.
  6703 | D:8      | Identified the staff of earth "Cyajaod" {rPois rF- Int+2
                  | Stlth+}
  6757 | D:9      | 6757 ||| Stepping ~*~*~tactically~*~*~ (hiding).
  6758 | D:9      | 6758 ||| Stepping ~*~*~tactically~*~*~ (hiding).
  6823 | D:9      | 6823 ||| Stepping ~*~*~tactically~*~*~ (stealth).
  6824 | D:9      | 6824 ||| Stepping ~*~*~tactically~*~*~ (stealth).
  6902 | D:9      | Noticed a two-headed ogre
  6913 | D:9      | 6913 ||| INVOKING Fiery Armour.
  6915 | D:9      | Killed a two-headed ogre
  6916 | D:9      | Reached skill level 11 in Axes
  6972 | D:9      | Reached skill level 3 in Shields
  7043 | D:9      | 7043 ||| Stepping ~*~*~tactically~*~*~ (hiding).
  7077 | D:9      | 7077 ||| Stepping ~*~*~tactically~*~*~ (hiding).
  7105 | D:9      | 7105 ||| Stepping ~*~*~tactically~*~*~ (hiding).
  7189 | D:9      | Found a staircase to the Orcish Mines.
  7194 | D:9      | 7194 ||| Stepping ~*~*~tactically~*~*~ (hiding).
  7390 | D:9      | Reached skill level 9 in Fighting
  7454 | D:9      | 7454 ||| Stepping ~*~*~tactically~*~*~ (hiding).
  7455 | D:9      | 7455 ||| Stepping ~*~*~tactically~*~*~ (hiding).
  7456 | D:9      | 7456 ||| Stepping ~*~*~tactically~*~*~ (stealth).
  7459 | D:9      | 7459 ||| Stepping ~*~*~tactically~*~*~ (hiding).
  7465 | D:9      | 7465 ||| Stepping ~*~*~tactically~*~*~ (stealth).
  7472 | D:9      | 7472 ||| Stepping ~*~*~tactically~*~*~ (stealth).
  7496 | D:9      | 7496 ||| INVOKING Fiery Armour.
  7633 | D:9      | 7633 ||| Stepping ~*~*~tactically~*~*~ (hiding).
  7634 | D:9      | 7634 ||| Stepping ~*~*~tactically~*~*~ (hiding).
  7635 | D:9      | 7635 ||| Stepping ~*~*~tactically~*~*~ (hiding).
  7637 | D:9      | 7637 ||| Stepping ~*~*~tactically~*~*~ (hiding).
  7704 | D:9      | Found a staircase to the Lair.
  7865 | D:9      | 7865 ||| PLANNING LAIR
  7865 | D:9      | 7865 ||| UPGRADING to +0 plate armour.
  7875 | D:9      | 7875 ||| DROPPING +0 chain mail.
  7876 | D:9      | 7876 ||| READING 2 scrolls of identify.
  7876 | D:9      | 7876 ||| IDENTIFYING inky potion
  7909 | Lair:1   | Entered Level 1 of the Lair of Beasts
  7947 | Lair:1   | Reached skill level 6 in Armour
  7977 | Lair:1   | Noticed a cane toad
  7990 | Lair:1   | Killed a cane toad
  7991 | Lair:1   | Reached XP level 11. HP: 66/71 MP: 12/12
  8017 | Lair:1   | Found a sparkling altar of Nemelex Xobeh.
  8017 | Lair:1   | Noticed an oklob plant
  8018 | Lair:1   | 8018 ||| INVOKING Fiery Armour.
  8075 | Lair:1   | HP: 7/71 [oklob plant/splash of acid (31)]
  8076 | Lair:1   | 8076 ||| DRINKING potion of heal wounds.
  8085 | Lair:1   | HP: 10/71 [oklob plant/splash of acid (15)]
  8093 | Lair:1   | Killed from afar by an oklob plant

Levels and vault maps discovered:
D:1:      beargit_arrival_greenhouse, layout_basic,
          hellmonk_ecumenical_altar_watching_god, chequers_serial_rivers_large_a
D:2:      layout_basic, minmay_misc_feat_alley, chequers_mini_garden
D:3:      layout_loops_ring, moated_statue, chequers_big_river, uniq_terence
D:4:      layout_basic, minmay_ruptured
D:5:      layout_gridville, temple_fountains
D:6:      layout_loops_corners, gammafunk_temple_overflow_forgotten,
          nicolae_overflow_crystal_walls, uniq_prince_ribbit1, uniq_pikel,
          uniq_eustachio
D:7:      layout_basic, nicolae_ossuary_entry_false_entrances,
          chequers_serial_rivers_micro_d
D:8:      layout_cave_pools, enter_bailey_7, kennysheep_just_a_vault
D:9:      layout_long_grid, lair_entry_dummy, hiddenorc2_lemuel
Lair:1:   layout_loops_ring, chequers_serial_rivers_micro_e, lemuel_oklob_altar,
          grunt_megastairs_1

Skill      XL: |  1  2  3  4  5  6  7  8  9 10 |
---------------+-------------------------------+-----
Axes           | 3 4 5 7 8 10 11 | 11.3
Armour         | 2 3 5 6 |  6.8
Shields        | 1 2 3 |  3.0
Fighting       | 4 5 6 7 9 |  9.1
Throwing       | 1 2 3 |  3.0
Dodging        | 1 |  1.0
Spellcasting   | |  1.0
Fire Magic     | |  3.0

Action                     |  1- 3 |  4- 6 |  7- 9 | 10-12 || total
---------------------------+-------+-------+-------+-------++-------
  Melee: Hand axe          |    99 |    77 |   294 |   257 ||   727
         Punch             |     2 |       |       |       ||     2
  Throw: Boomerang         |       |       |    29 |    62 ||    91
         Javelin           |       |       |    14 |    19 ||    33
 Invoke: Fiery Armour      |     1 |     4 |     3 |     5 ||    13
    Use: Scroll            |    14 |     3 |     3 |     2 ||    22
         Potion            |     1 |     3 |       |     2 ||     6
   Stab: Distracted        |       |       |       |     3 ||     3
 Armour: Robe              |    30 |       |       |       ||    30
         Leather armour    |     6 |     5 |       |       ||    11
         Ring mail         |       |     5 |       |       ||     5
         Chain mail        |       |    11 |   168 |   129 ||   308
         Plate armour      |       |       |       |     8 ||     8
  Dodge: Dodged            |    44 |    37 |    95 |    84 ||   260

Table legend:
 A = Non-vault XP
 B = Vault XP
 C = Vault XP percentage of total XP
 D = Non-vault monster count
 E = Vault monster count
 F = Vault count percentage of total count
                 A         B        C        D         E       F
            +---------+---------+-------+---------+---------+-------
      Total |    7296 |    1964 |  21.2 |     153 |      44 |  22.3
            +---------+---------+-------+---------+---------+-------
        D:1 |      34 |       0 |   0.0 |      21 |       0 |   0.0
        D:2 |      18 |       0 |   0.0 |       7 |       0 |   0.0
        D:3 |     120 |      32 |  21.1 |      14 |       1 |   6.7
        D:4 |      61 |       9 |  12.9 |       5 |       4 |  44.4
        D:5 |     851 |       0 |   0.0 |      19 |       0 |   0.0
        D:6 |     508 |    1130 |  69.0 |      14 |       3 |  17.6
        D:7 |    2146 |       0 |   0.0 |      24 |       0 |   0.0
        D:8 |     626 |     390 |  38.4 |      11 |       5 |  31.2
        D:9 |    2257 |     403 |  15.2 |      35 |      31 |  47.0
     Lair:1 |     675 |       0 |   0.0 |       3 |       0 |   0.0
            +---------+---------+-------+---------+---------+-------
